 Dungeon Crawl Stone Soup version 0.31.0-10-gcf4a605ca0 (webtiles) character file.

Game seed: 17749083163066896696

176104 BubbleThief the Warrior (level 18, -12/187 HPs)
             Began as a Naga Alchemist on Jan 25, 2024.
             Was a High Priest of Vehumet.
             Mangled by a demonic crawler (16 damage)
             ... on level 3 of the Spider Nest.
             The game lasted 01:19:23 (27612 turns).

BubbleThief the Warrior (Naga Alchemist)           Turns: 27612, Time: 01:19:23

Health: -12/187    AC: 12    Str: 14    XL:     18   Next: 12%
Magic:  9/34       EV:  8    Int: 21    God:    Vehumet [*****.]
Gold:   1783       SH: 12    Dex: 13    Spells: 14/41 levels left

rFire   + . .        B - +5 demon blade (freeze)
rCold   + + .        i - +1 kite shield {rC+}
rNeg    + . .        V - +0 troll leather armour
rPois   +            X - +2 helmet
rElec   .            N - +2 cloak
rCorr   .            U - +2 pair of gloves
SInv    +            (no barding)
Will    +++..        t - amulet of regeneration
Stlth   ++           T - ring "Nymnimox" {rC+ Slay+2}
HPRegen 2.11/turn    A - ring "Dor Vemn" {rPois rF+ rN+ Will+ Str+2}
MPRegen 0.24/turn

%: no passive effects
@: corroded, very slightly contaminated, very slow
A: AC +6, large, see invisible, deformed body, poison resistance, slowness 2,
spit poison 1, naga tail 2, wild magic 1, MP-powered wands
a: Spit Poison, Renounce Religion


You were on level 3 of the Spider Nest.
You worshipped Vehumet.
Vehumet was extremely pleased with you.
You visited 6 branches of the dungeon, and saw 27 of its levels.
You visited 1 bazaar.
You also visited: Trove, Ossuary and Ice Cave.

You collected 3174 gold pieces.
You spent 1391 gold pieces at shops.

Inventory:

Hand Weapons
 B - a +5 demon blade of freezing (weapon)
 K - a +1 scimitar of flaming
 W - the +1 long sword "Ucyigg" {drain, Will+ MP+9 Str+3}
   (You found it on level 10 of the Dungeon)

   Str+3:     It affects your strength (+3).
   Will+:     It increases your willpower.
   MP+9:      It affects your magic capacity (+9).
Missiles
 m - a throwing net
Armour
 i - a +1 kite shield of cold resistance (worn)
 o - a scarf of repulsion
 x - a +2 tower shield of cold resistance
 J - a +0 kite shield of reflection
 N - a +2 cloak (worn)
 O - a +2 robe of positive energy
 U - a +2 pair of gloves (worn)
 V - a +0 troll leather armour (worn)
 X - a +2 helmet (worn)
Jewellery
 a - the ring of Agnosticism {Fire Will- rCorr Dex+8 SInv}
   (You found it in a treasure trove)

   [ring of fire]

   Fire:      It enhances your fire magic.
   Dex+8:     It affects your dexterity (+8).
   rF+:       It protects you from fire.
   rC-:       It makes you vulnerable to cold.
   Will-:     It decreases your willpower.
   SInv:      It lets you see invisible.
   rCorr:     It protects you from acid and corrosion.
 h - an amulet of reflection
 l - a ring of willpower
 t - an amulet of regeneration (around neck)
 u - the ring "Xeisk" {+Blink rCorr Dex-2 Slay+2 SInv}
   (You found it in an ice cave)

   [ring of resist corrosion]

   Dex-2:     It affects your dexterity (-2).
   Slay+2:    It affects your accuracy & damage with ranged weapons and melee
   (+2).
   SInv:      It lets you see invisible.
   +Blink:    It lets you blink.
   rCorr:     It protects you from acid and corrosion.
 y - a ring of protection from cold
 A - the ring "Dor Vemn" (right hand) {rPois rF+ rN+ Will+ Str+2}
   (You bought it in a shop in a bazaar)

   [ring of willpower]

   Str+2:     It affects your strength (+2).
   rF+:       It protects you from fire.
   rPois:     It protects you from poison rN+: It protects you from negative
   energy.
   Will+:     It increases your willpower.
 E - a ring of flight
 G - a ring of protection from fire
 I - a ring of positive energy
 M - an amulet of magic regeneration
 T - the ring "Nymnimox" (left hand) {rC+ Slay+2}
   (You found it in a treasure trove)

   [ring of protection from cold]

   Slay+2:    It affects your accuracy & damage with ranged weapons and melee
   (+2).
   rC+:       It protects you from cold.
Wands
 k - a wand of digging (3)
 R - a wand of quicksilver (5)
Scrolls
 c - 5 scrolls of identify
 d - 8 scrolls of poison
 e - 2 scrolls of silence
 j - 9 scrolls of teleportation
 n - 7 scrolls of amnesia
 q - 2 scrolls of fear
 s - 5 scrolls of fog
 v - 2 scrolls of revelation
 w - 3 scrolls of enchant armour
 F - 6 scrolls of blinking
 H - a scroll of brand weapon
Potions
 b - 2 potions of magic
 f - 2 potions of mutation
 g - 6 potions of haste
 p - 5 potions of curing
 r - 6 potions of lignification
 z - a potion of attraction
 C - 2 potions of cancellation
 D - 3 potions of brilliance
 L - 4 potions of enlightenment
 P - a potion of experience
 Q - 2 potions of heal wounds
 S - 3 potions of ambrosia
 Y - a potion of invisibility
 Z - 2 potions of berserk rage


   Skills:
 + Level 17.7 Fighting
 - Level 14.0 Long Blades
 - Level 1.5 Dodging
 - Level 3.0 Stealth
 - Level 10.4 Shields
 - Level 12.0 Spellcasting
 - Level 7.7 Conjurations
 - Level 6.0 Fire Magic
 - Level 12.0 Alchemy


You had 14 spell levels left.
You knew the following spells:

 Your Spells              Type           Power      Damage    Failure   Level
a - Sting                 Conj/Alch      100%       1d9       1%          1
b - Mephitic Cloud        Conj/Alch/Air  51%        N/A       1%          3
c - Olgreb's Toxic Radia  Alch           69%        N/A       1%          4
d - Sticky Flame          Fire/Alch      60%        2d10      1%          4
e - Eringya's Noxious Bo  Alch           34%        4d6       7%          6
f - Ignite Poison         Fire/Alch      60%        N/A       1%          4
g - Irradiate             Conj/Alch      31%        3d22      3%          5

Your spell library contained the following spells:

 Spells                   Type           Power      Damage    Failure   Level
 Starburst                Conj/Fire      26%        6d8       38%         6
 Mercury Vapours          Alch/Air       98%        N/A       1%          2
 Momentum Strike          Conj/Tloc      74%        3d10      2%          2
 Static Discharge         Conj/Air       74%        3-7/arc   2%          2
 Dazzling Flash           Conj/Hex       74%        N/A       4%          3
 Hailstorm                Conj/Ice       37%        3d9       4%          3
 Freeze                   Ice            64%        1d7       6%          1
 Fireball                 Conj/Fire      26%        3d12      10%         5
 Yara's Violent Unravell  Hex/Alch       24%        3d11      13%         5
 Frozen Ramparts          Ice            32%        1d5       16%         3
 Petrify                  Alch/Erth      49%        N/A       19%         4
 Arcjolt                  Conj/Air       18%        1d28      28%         5
 Blink                    Tloc           32%        N/A       30%         2
 Jinxbite                 Hex            32%        N/A       30%         2
 Lesser Beckoning         Tloc           32%        N/A       30%         2
 Sublimation of Blood     Necr           16%        N/A       30%         2
 Airstrike                Air            8%         2d(2-18)  41%         4
 Fugue of the Fallen      Necr           16%        N/A       50%         3
 Lee's Rapid Deconstruct  Erth           8%         3d7*      73%         5
 Plasma Beam              Fire/Air       16%        2x1d27    86%         6
 Animate Armour           Summ/Erth      32%        N/A       88%         4
 Animate Dead             Necr           16%        N/A       88%         4
 Cause Fear               Hex            8%         N/A       88%         4
 Summon Lightning Spire   Summ/Air       16%        N/A       88%         4
 Vhi's Electric Charge    Tloc/Air       32%        N/A       88%         4
 Borgnjor's Vile Clutch   Necr/Erth      8%         N/A       99%         5
 Curse of Agony           Necr           16%        N/A       99%         5
 Silence                  Hex/Air        8%         N/A       99%         5
 Summon Forest            Summ/Tloc      8%         N/A       99%         5
 Death Channel            Necr           8%         N/A       100%        6
 Enfeeble                 Hex            8%         N/A       100%        7
 Summon Hydra             Summ           8%         N/A       100%        7
 Maxwell's Capacitive Co  Air            8%         ∞         100%        8
 Death's Door             Necr           8%         N/A       100%        9
 Dragon's Call            Summ           8%         N/A       100%        9


Dungeon Overview and Level Annotations

Branches:
Dungeon (15/15)            Temple (1/1) D:5            Lair (5/5) D:9
 Shoals (0/4) Lair:3       Spider (3/4) Lair:3        Slime (0/5) Lair:5
    Orc (2/2) D:11            Elf (1/3) Orc:2        Vaults (0/5) D:13
 Depths (0/4) D:15        Ossuary (visited)           IceCv (visited)

Altars:
Ashenzari
Cheibriados
Dithmenos
Elyvilon
Fedhas
Gozag
Hepliaklqana
Kikubaaqudgha
Makhleb
Nemelex Xobeh
Okawaru
Qazlal
Ru
Sif Muna
Trog
Uskayaw
Vehumet
Wu Jian
Xom
Yredelemnul
Zin
The Shining One
Jiyva

Shops:
D:1 ?   D:6 (   D:10 *   D:12 (   Orc:2 *[:(

Annotations:
D:14 Roxanne
Lair:5 exclusion: 2 oklob plants
Orc:1 2 transporters, Potutehi's ghost, journeyman DDFi


Innate Abilities, Weirdness & Mutations

Your serpentine skin is tough. (AC +6)
You have supernaturally acute eyesight. (SInv)
Armour fits poorly on your strangely shaped body.
Your system is resistant to poisons. (rPois)
You cover ground very slowly.
You can spit poison.
You can use your snake-like lower body to constrict enemies.
Your spells are a little harder to cast, but a little more powerful.
You expend magic power (3 MP) to strengthen your wands.


Message History

The demonic crawler burns!
The demonic crawler hits you! x2
You block the demonic crawler's attack. The demonic crawler hits you!!
* * * LOW HITPOINT WARNING * * *
The demonic crawler closely misses you. You block the demonic crawler's attack.
Training target 14.0 for Long Blades reached!
Your Long Blades skill increases to level 14!
You need to enable at least one skill for training.
Blink to where?
Press: ? - help, Dir - move target You lose your grip on something.
As you read the scroll of blinking, it crumbles to dust.
The demonic crawler rages.
Casting: Sticky Flame (mildly dangerous; 1% risk of failure)
Confirm with . or Enter, or press ? or * to list all spells.
Aiming: Sticky Flame (mildly dangerous; 1% risk of failure)
Press: ? - help, Shift-Dir - straight line, f - demonic crawler
Aim: a demonic crawler (berserk)
The sticky flame hits the demonic crawler but does no damage.
The demonic crawler burns!
The demonic crawler hits you but does no damage.
You block the demonic crawler's attack. The demonic crawler barely misses you.
The demonic crawler hits you!
* * * LOW HITPOINT WARNING * * *
You block the demonic crawler's attack. x2
Unknown command.
Casting: Sticky Flame (mildly dangerous; 1% risk of failure)
Confirm with . or Enter, or press ? or * to list all spells.
You erupt in a fountain of uncontrolled magic!
The demonic crawler is blasted with magical radiation!!
The demonic crawler is moderately wounded.
You are very lightly contaminated with residual magic.
The demonic crawler burns!
The demonic crawler closely misses you. You block the demonic crawler's attack.
The demonic crawler hits you!!
* * * LOW HITPOINT WARNING * * *
The demonic crawler hits you.
* * * LOW HITPOINT WARNING * * *
The demonic crawler hits you!
* * * LOW HITPOINT WARNING * * *
The demonic crawler hits you!
You die...

## ..# ##. ##.. ...
####.# ...>.. ....
#..#.# .........
.... #....#
....^.... ..#
#....## .........
#.###....###.......
#..@s....#..##^^#
#.<##.###s....######
##.#####.#..........
#.# #.#...........
#.. ...#...§.......
..#### #...........
### #.^.......B..
#............
##...........


You could see a demonic crawler (berserk, burning) and a redback.

Vanquished Creatures
  Arachne (Spider:2)
  Rupert (Orc:2)
  Kirke (Lair:3)
  Donald (Orc:2)
  An emperor scorpion (Spider:2)
  A deep elf elementalist (Elf:1)
  2 orc warlords (Orc:2)
  An ironbound thunderhulk (D:13)
  An ettin (Orc:1)
  2 entropy weavers
  Snorg (D:11)
  Josephine (D:11)
  5 hydras
  2 vault guards (D:13)
  Erica (D:8)
  3 centaur warriors (D:15)
  2 sphinx zombies (D:15)
  3 catoblepae (Lair:5)
  A tengu warrior (D:13)
  8 dancing weapons (Elf:1)
  3 boulder beetles
  2 two-headed ogres
  13 death yaks (Lair:5)
  Urug (D:11)
  5 demonic crawlers (Spider:2)
  A vampire mage (D:15)
  5 orc high priests
  2 deep elf knights (Elf:1)
  A skyshark (Lair:2)
  Sonja (Lair:2)
  Amaemon (Lair:1)
  11 skeletal warriors
  2 orb spiders (Spider:2)
  Lodul (D:13)
  2 bog bodies (IceCv)
  A deep elf archer (Elf:1)
  2 necromancers
  3 steelbarb worms (Spider:2)
  8 deep elf pyromancers
  6 orc sorcerers
  3 orc knights (Orc:2)
  6 wolf spider zombies (Spider:1)
  4 wolf spiders (Spider:2)
  3 ugly things (D:12)
  4 cyclopes
  5 manticores
  2 deep elf zephyrmancers (Elf:1)
  9 elephants (Lair:4)
  3 meliai (D:13)
  Maurice (Orc:2)
  5 black mambas
  3 moths of wrath
  Joseph (D:8)
  An ice statue (IceCv)
  An orange demon (Lair:1)
  Maggie (D:8)
  13 cane toads
  A torpor snail (Spider:2)
  4 unseen horrors
  13 komodo dragons
  A freezing wraith (D:15)
  An unseen horror (shapeshifter) (D:15)
  2 anaconda simulacra (IceCv)
  12 redback zombies (Spider:1)
  A tengu conjurer (D:13)
  An ice devil (IceCv)
  2 rime drakes
  4 polar bears
  7 trolls
  4 tarantellas (Spider:2)
  A hornet (Lair:1)
  A spriggan zombie (D:15)
  Prince Ribbit (D:5)
  9 blink frogs
  6 tarantella zombies (Spider:1)
  9 slime creatures
  12 culicivora zombies (Spider:1)
  5 culicivoras
  4 jumping spiders (Spider:2)
  A spriggan (shapeshifter) (D:13)
  A vampire (D:13)
  5 wraiths
  A dire elephant simulacrum (IceCv)
  3 wyverns
  4 hogs (Lair:4)
  2 humans (D:13)
  4 basilisks
  17 vampire mosquitoes
  A steam dragon (D:10)
  A wyvern (shapeshifter) (D:13)
  39 yaks
  A death yak simulacrum (IceCv)
  A warg (Orc:2)
  9 redbacks
  A harpy simulacrum (IceCv)
  An acid dragon (D:12)
  A hydra simulacrum (IceCv)
  18 water moccasins
  Duvessa (D:6)
  An ice beast (shapeshifter) (Elf:1)
  An ice beast (D:7)
  A black bear (D:6)
  32 orc warriors
  12 ogres
  16 wolves
  A black bear (shapeshifter) (D:13)
  2 laughing skulls (D:14)
  3 boggarts (D:14)
  6 centaurs
  A weeping skull (Ossuary)
  2 elf zombies (Ossuary)
  2 kobold brigands
  An earth elemental (Elf:1)
  9 scorpions
  11 bullfrogs
  4 gnoll sergeants
  6 two-headed ogre simulacra (IceCv)
  2 cane toad simulacra (IceCv)
  5 wights
  Dowan (D:6)
  4 burial acolytes
  4 elephant simulacra (IceCv)
  4 electric eels
  4 howler monkeys
  2 centaur zombies
  A human zombie (D:6)
  Crazy Yiuf (D:4)
  2 bullfrog zombies (D:6)
  A bombardier beetle (D:5)
  10 hounds
  A jelly (D:4)
  A sleepcap (D:7)
  16 orc priests
  A bullfrog skeleton (D:6)
  2 centaur skeletons (D:6)
  2 gnoll boudas
  2 iguanas
  Ijyb (D:4)
  Terence (D:2)
  6 troll simulacra (IceCv)
  20 orc wizards
  2 polar bear simulacra (IceCv)
  4 spriggan simulacra (IceCv)
  A killer bee zombie (D:6)
  A wolf simulacrum (IceCv)
  A hound zombie (Ossuary)
  3 mummies
  29 gnolls
  9 adders
  7 naga simulacra (IceCv)
  7 white imps
  4 ufetubi (IceCv)
  4 ribbon worms
  3 dart slugs
  63 orcs
  7 endoplasms
  5 giant cockroaches
  8 goblins
  6 hobgoblins
  4 jackals (D:4)
  3 quokkas
  8 ball pythons
  4 bats
  2 frilled lizards (D:1)
  14 kobolds
  An orc zombie (Ossuary)
  2 rats
795 creatures vanquished.

Notes
Turn   | Place    | Note
-------+----------+-------------------------------------------
     0 | D:1      | BubbleThief the Naga Alchemist began the quest for the Orb.
     0 | D:1      | Reached XP level 1. HP: 15/15 MP: 3/3
   191 | D:1      | Reached XP level 2. HP: 22/22 MP: 5/5
   647 | D:1      | Found Bojuvir's Magic Scroll Shoppe.
   660 | D:1      | Bought a scroll of teleportation for 30 gold pieces
  1005 | D:2      | Reached XP level 3. HP: 28/28 MP: 1/6
  1209 | D:2      | Noticed Terence
  1218 | D:2      | Killed Terence
  1219 | D:2      | Reached skill level 5 in Alchemy
  1219 | D:2      | Reached XP level 4. HP: 29/36 MP: 1/8
  1697 | D:3      | Learned a level 3 spell: Mephitic Cloud
  1702 | D:3      | Learned a level 4 spell: Olgreb's Toxic Radiance
  1824 | D:3      | Noticed a scorpion
  1832 | D:3      | Killed a scorpion
  1833 | D:3      | Reached XP level 5. HP: 31/42 MP: 4/9
  2492 | D:4      | Noticed a centaur
  2503 | D:4      | Killed a centaur
  2504 | D:4      | Reached XP level 6. HP: 38/49 MP: 7/11
  2511 | D:4      | Noticed Ijyb
  2518 | D:4      | Killed Ijyb
  2822 | D:4      | Reached XP level 7. HP: 35/55 MP: 7/13
  2897 | D:4      | Found an iron altar of Okawaru.
  3017 | D:4      | Found a shimmering blue altar of Sif Muna.
  3114 | D:4      | Found a runed translucent door.
  3115 | D:4      | Noticed Crazy Yiuf
  3126 | D:4      | Killed Crazy Yiuf
  3362 | D:4      | Learned a level 4 spell: Sticky Flame
  3440 | D:5      | Entered Level 5 of the Dungeon
  3451 | D:5      | Found a staircase to the Ecumenical Temple.
  3469 | Temple   | Entered the Ecumenical Temple
  3535 | Temple   | Became a worshipper of Vehumet
  3576 | D:5      | Reached skill level 1 in Fire Magic
  3750 | D:5      | Noticed Prince Ribbit
  3760 | D:5      | Killed Prince Ribbit
  3761 | D:5      | Reached XP level 8. HP: 62/62 MP: 3/15
  4010 | D:5      | Found a hazy altar of Hepliaklqana.
  4019 | D:5      | Found a snail-covered altar of Cheibriados.
  4039 | D:5      | Reached skill level 5 in Spellcasting
  4542 | D:5      | Found a glowing golden altar of the Shining One.
  4544 | D:5      | Noticed an angel
  4553 | D:5      | Found a basalt altar of Yredelemnul.
  4665 | D:6      | Noticed Duvessa
  4678 | D:6      | Noticed Dowan
  4699 | D:6      | Reached * piety under Vehumet
  4699 | D:6      | Offered knowledge of Freeze by Vehumet.
  4700 | D:6      | HP: 3/62 [Duvessa/+1 short sword of venom (7)]
  4712 | D:6      | Found Utoapse's Antique Weapon Shoppe.
  4715 | D:6      | Bought a scorched short sword for 192 gold pieces
  4715 | D:6      | Identified the +0 short sword of Res Nullius {freeze, rN+}
                  | (You bought it in a shop on level 6 of the Dungeon)
  4716 | D:6      | Killed Dowan
  4816 | D:6      | Found a sand-covered staircase.
  4854 | Ossuary  | Entered an ossuary
  4854 | Ossuary  | Found a huge runed translucent gate.
  4854 | Ossuary  | Found a huge runed translucent gate.
  4854 | Ossuary  | Found a huge runed translucent gate.
  4854 | Ossuary  | Found a huge runed translucent gate.
  4854 | Ossuary  | Found a huge runed translucent gate.
  4854 | Ossuary  | Found a huge runed translucent gate.
  4854 | Ossuary  | Found a huge runed translucent gate.
  4854 | Ossuary  | Found a huge runed translucent gate.
  4855 | Ossuary  | Found a huge runed translucent gate.
  4855 | Ossuary  | Found a huge runed translucent gate.
  4855 | Ossuary  | Found a huge runed translucent gate.
  4856 | Ossuary  | Found a huge runed translucent gate.
  4856 | Ossuary  | Found a huge runed translucent gate.
  4858 | Ossuary  | Found a huge runed translucent gate.
  4858 | Ossuary  | Found a huge runed translucent gate.
  4873 | Ossuary  | Reached skill level 5 in Fire Magic
  4873 | Ossuary  | Reached XP level 9. HP: 68/68 MP: 10/18
  4919 | Ossuary  | Found a huge runed translucent gate.
  4919 | Ossuary  | Found a huge runed translucent gate.
  4919 | Ossuary  | Found a huge runed translucent gate.
  4919 | Ossuary  | Found a huge runed translucent gate.
  4919 | Ossuary  | Found a huge runed translucent gate.
  4920 | Ossuary  | Found a huge runed translucent gate.
  4920 | Ossuary  | Found a huge runed translucent gate.
  4922 | Ossuary  | Found a huge runed translucent gate.
  4922 | Ossuary  | Found a huge runed translucent gate.
  4923 | Ossuary  | Found a huge runed translucent gate.
  4923 | Ossuary  | Found a huge runed translucent gate.
  4924 | Ossuary  | Found a huge runed translucent gate.
  4924 | Ossuary  | Found a huge runed translucent gate.
  4929 | Ossuary  | Found a huge runed translucent gate.
  4929 | Ossuary  | Found a huge runed translucent gate.
  5026 | Ossuary  | Found a huge runed translucent gate.
  5026 | Ossuary  | Found a huge runed translucent gate.
  5026 | Ossuary  | Found a huge runed translucent gate.
  5026 | Ossuary  | Found a huge runed translucent gate.
  5026 | Ossuary  | Found a huge runed translucent gate.
  5343 | D:6      | Found an opulent altar of Gozag.
  5447 | D:6      | Found a shadowy altar of Dithmenos.
  5486 | D:6      | Reached skill level 1 in Fighting
  5644 | D:6      | Killed Duvessa
  6135 | D:6      | Reached skill level 2 in Fighting
  6137 | D:6      | Found an ancient bone altar of Kikubaaqudgha.
  6544 | D:7      | Reached skill level 3 in Fighting
  6655 | D:7      | Reached ** piety under Vehumet
  6655 | D:7      | Offered knowledge of Momentum Strike by Vehumet.
  6772 | D:7      | Reached skill level 4 in Fighting
  6832 | D:7      | Learned a level 6 spell: Eringya's Noxious Bog
  7156 | D:7      | Reached XP level 10. HP: 87/87 MP: 17/22
  7325 | D:8      | Offered knowledge of Searing Ray by Vehumet.
  7326 | D:8      | Reached skill level 5 in Fighting
  7519 | D:8      | Noticed Joseph
  7529 | D:8      | Killed Joseph
  7820 | D:8      | Noticed Erica
  7832 | D:8      | Killed Erica
  7833 | D:8      | Reached skill level 6 in Fighting
  7943 | D:8      | Found a blossoming altar of Fedhas.
  8060 | D:8      | Noticed Maggie
  8075 | D:8      | Killed Maggie
  8386 | D:9      | Found a staircase to the Lair.
  8391 | D:9      | Reached *** piety under Vehumet
  8392 | D:9      | Reached skill level 7 in Fighting
  8392 | D:9      | Noticed a two-headed ogre
  8410 | D:9      | Reached skill level 10 in Spellcasting
  8420 | D:9      | Offered knowledge of Frozen Ramparts by Vehumet.
  8421 | D:9      | Reached XP level 11. HP: 32/100 MP: 22/25
  8500 | D:9      | Reached skill level 10 in Alchemy
  8819 | D:9      | Killed a two-headed ogre
  8820 | D:9      | Reached skill level 8 in Fighting
  9042 | Lair:1   | Entered Level 1 of the Lair of Beasts
  9784 | Lair:1   | You fall into a shaft and drop 1 floor!
  9784 | Lair:2   | Noticed Sonja
  9791 | Lair:2   | Killed Sonja
  9792 | Lair:2   | Reached skill level 9 in Fighting
  9863 | Lair:2   | Reached **** piety under Vehumet
  9898 | Lair:2   | Noticed a skyshark
  9902 | Lair:2   | Offered knowledge of Volatile Blastmotes by Vehumet.
  9908 | Lair:2   | Killed a skyshark
 10001 | Lair:2   | Noticed a seven-headed hydra
 10006 | Lair:2   | Reached skill level 10 in Fighting
 10011 | Lair:2   | Killed a seven-headed hydra
 10012 | Lair:2   | Reached XP level 12. HP: 78/117 MP: 19/27
 10425 | Lair:2   | Reached skill level 11 in Fighting
 11432 | Lair:3   | Found a hole to the Spider Nest.
 11490 | Lair:3   | Noticed a boulder beetle
 11499 | Lair:3   | Killed a boulder beetle
 12054 | Lair:3   | Found a staircase to the Shoals.
 12303 | Lair:4   | Noticed Kirke
 12306 | Lair:4   | Noticed a sphinx
 12314 | Lair:4   | Paralysed by a sphinx for 2 turns
 12607 | Lair:4   | Noticed a sphinx
 12619 | Lair:3   | Killed Kirke
 12620 | Lair:3   | Reached skill level 12 in Fighting
 12905 | Lair:4   | Reached ***** piety under Vehumet
 12912 | Lair:4   | Gained mutation: You can use your snake-like lower body to
                  | constrict enemies. [Naga growth]
 12912 | Lair:4   | Reached XP level 13. HP: 129/130 MP: 26/29
 12999 | Lair:4   | Reached skill level 13 in Fighting
 13105 | Lair:4   | Offered knowledge of Lee's Rapid Deconstruction by Vehumet.
 13888 | Lair:4   | Reached skill level 14 in Fighting
 14290 | Lair:5   | Entered Level 5 of the Lair of Beasts
 14325 | Lair:5   | Reached skill level 1 in Shields
 15173 | Lair:5   | Reached skill level 15 in Fighting
 15177 | Lair:5   | Reached skill level 5 in Shields
 15390 | Lair:5   | Reached XP level 14. HP: 147/147 MP: 28/30
 15957 | Lair:5   | Offered knowledge of Ignite Poison by Vehumet.
 15966 | Lair:5   | Learned a level 4 spell: Ignite Poison
 16302 | Lair:5   | Found a viscous altar of Jiyva.
 16304 | Lair:5   | Found a staircase to the Slime Pits.
 16331 | Lair:5   | Reached skill level 16 in Fighting
 16878 | Lair:1   | Noticed Amaemon
 16885 | Lair:1   | Killed Amaemon
 17468 | D:10     | Entered Level 10 of the Dungeon
 17772 | D:10     | Identified the +1 long sword "Ucyigg" {drain, Will+ MP+9
                  | Str+3}
 17920 | D:10     | Found a hide-covered altar of Uskayaw.
 17934 | D:10     | Found Uggucw's Changing Room.
 17942 | D:10     | Bought a book of Transmutation for 364 gold pieces
 17949 | D:10     | Learned a level 5 spell: Irradiate
 17990 | D:10     | Found a glowing silver altar of Zin.
 18279 | D:10     | Found an ornate altar of the Wu Jian Council.
 18381 | D:11     | Noticed Urug
 18391 | D:11     | Killed Urug
 18784 | D:11     | Noticed Snorg
 18789 | D:11     | Killed Snorg
 18900 | D:11     | Found a staircase to the Orcish Mines.
 18902 | D:11     | Noticed Josephine
 18909 | D:11     | Killed Josephine
 19377 | D:12     | Gained mutation: You are occasionally teleported next to
                  | monsters. [mutagenic glow]
 19431 | D:11     | Lost mutation: You are occasionally teleported next to
                  | monsters. [potion of mutation]
 19431 | D:11     | Gained mutation: You expend magic power (3 MP) to
                  | strengthen your wands. [potion of mutation]
 19431 | D:11     | Gained mutation: Your spells are a little harder to cast,
                  | but a little more powerful. [potion of mutation]
 19472 | D:12     | Offered knowledge of Spellforged Servitor by Vehumet.
 19705 | D:12     | Found Wasas's Antique Weapon Shoppe.
 19718 | D:12     | Bought a translucent flail for 238 gold pieces
 19718 | D:12     | Identified the +1 flail "Onturhi" {heavy, rPois} (You
                  | bought it in a shop on level 12 of the Dungeon)
 19776 | D:12     | Identified the +0 chain mail "Meyphiomm" {Will- Dex-3 SInv
                  | Stlth+}
 20060 | D:13     | Reached XP level 15. HP: 147/159 MP: 31/31
 20278 | D:13     | Reached skill level 5 in Conjurations
 20462 | D:13     | Noticed Lodul
 20466 | D:13     | Reached skill level 17 in Fighting
 20467 | D:13     | Killed Lodul
 20887 | D:13     | Found a portal to a secret trove of treasure.
 20918 | D:13     | Found a gate to the Vaults.
 21556 | D:14     | Noticed Roxanne
 21915 | D:15     | Entered Level 15 of the Dungeon
 22008 | D:15     | Found a staircase to the Depths.
 22036 | D:15     | Reached skill level 10 in Shields
 22231 | D:15     | Found a hazy altar of Hepliaklqana.
 22416 | Trove    | Entered a treasure trove
 22427 | Trove    | Identified the ring "Dyx Fe Enus" {Fire Dex+2}
 22433 | Trove    | Identified the ring of Agnosticism {Fire Will- rCorr Dex+8
                  | SInv}
 22436 | Trove    | Identified the ring "Nymnimox" {rC+ Slay+2}
 22714 | Orc:1    | Entered Level 1 of the Orcish Mines
 22723 | Orc:1    | Found a transporter.
 22728 | Orc:1    | Found a transporter.
 22860 | Orc:1    | Found a frozen archway.
 22880 | IceCv    | Entered an ice cave
 23235 | IceCv    | Identified the ring "Xeisk" {+Blink rCorr Dex-2 Slay+2
                  | SInv}
 23248 | IceCv    | Identified the +6 war axe "Sapexifa" {venom, ^Drain rN+
                  | rCorr}
 23350 | IceCv    | Reached skill level 1 in Long Blades
 24131 | Orc:1    | Identified the +1 great mace of Law {freeze, ^Contam MP+9
                  | Str+4}
 24131 | Orc:1    | Noticed Potutehi's ghost (journeyman DDFi)
 24291 | Orc:2    | Entered Level 2 of the Orcish Mines
 24294 | Orc:2    | Noticed an orc warlord
 24298 | Orc:2    | Noticed Donald
 24303 | Orc:2    | Killed an orc warlord
 24307 | Orc:2    | Killed Donald
 24308 | Orc:2    | Reached XP level 16. HP: 94/171 MP: 19/32
 24412 | Orc:2    | Noticed Maurice
 24428 | Orc:2    | Killed Maurice
 24429 | Orc:2    | Noticed Rupert
 24606 | Orc:2    | Killed Rupert
 24607 | Orc:2    | Reached skill level 5 in Long Blades
 24778 | Orc:2    | Found Ebiness's General Store.
 24779 | Orc:2    | Found Suas's Book Boutique.
 24781 | Orc:2    | Found Tiuqywk's Antique Armour Boutique.
 24781 | Orc:2    | Found Fihenoag's Antique Weapon Shop.
 24984 | Orc:2    | Found a staircase to the Elven Halls.
 25012 | Elf:1    | Entered Level 1 of the Elven Halls
 25517 | Elf:1    | Found a gateway to a bazaar.
 25524 | Bazaar   | Entered a bazaar
 25532 | Bazaar   | Found Enyat's Jewellery Boutique.
 25555 | Bazaar   | Found Ryzaf's Jewellery Shoppe.
 25577 | Bazaar   | Found Poexoeng's Book Boutique.
 25593 | Bazaar   | Found Xitollog's Weapon Emporium.
 25620 | Bazaar   | Bought the ring "Dor Vemn" {rPois rF+ rN+ Will+ Str+2} for
                  | 567 gold pieces
 26138 | Spider:1 | Entered Level 1 of the Spider Nest
 26266 | Spider:1 | Reached skill level 10 in Long Blades
 26487 | Spider:1 | Offered knowledge of Starburst by Vehumet.
 26638 | Spider:2 | Reached XP level 17. HP: 178/178 MP: 30/33
 26965 | Spider:2 | Noticed Arachne
 26980 | Spider:2 | Killed Arachne
 26994 | Spider:2 | Reached XP level 18. HP: 107/187 MP: 34/34
 27345 | Spider:2 | Got the Meditations on Hazy Open Graves
 27612 | Spider:3 | HP: 4/187 [demonic crawler (17)]
 27612 | Spider:3 | Mangled by a demonic crawler

Illustrated notes

Levels and vault maps discovered:
D:1:      psy_arrival_terrarium, layout_basic, serial_shops, shop
D:2:      layout_rooms, lightli_corner_chamber, uniq_terence
D:3:      layout_rooms, minmay_unequal
D:4:      layout_cave_pools, kennysheep_mini, mainiacjoe_overflow_chevrons,
          nicolae_tricolors, uniq_crazy_yiuf_cottage, uniq_ijyb
D:5:      layout_cave_pods, mainiacjoe_overflow_small_starburst,
          mainiacjoe_overflow_surrounded_room, grunt_temple_overflow_holy_war,
          minmay_temple_entry_antechambers, uniq_prince_ribbit1
D:6:      layout_basic, lemuel_mausoleum_altar_kikubaaqudgha,
          old_standard_altar, mainiacjoe_overflow_six_doors_small,
          gup_ossuary_entry_pyramid, serial_corexii_hall,
          corexii_hall_statues_x, corexii_hall_statues_s,
          corexii_hall_statues_s, serial_shops, shop,
          kennysheep_decorative_pillar, uniq_duvessa
D:7:      layout_basic, kennysheep_generic_room_16
D:8:      layout_basic, mainiacjoe_overflow_alcove_2, uniq_joseph, uniq_erica,
          uniq_maggie
D:9:      layout_rooms, erik_lair_island
D:10:     layout_irregular_city, zin_scriptorium, nicolae_wu_jian_glorious_leap,
          kennysheep_little_box, nrook_loot_triangle, hangedman_decor_growths,
          nicolae_transmutations_shop
D:11:     minmay_weird_star, layout_irregular_city, orc_0_dummy, uniq_snorg,
          uniq_urug, uniq_josephine
D:12:     layout_cave_pools, serial_shops, shop
D:13:     layout_cave_pods, hellmonk_vaults_keyhole, enter_trove_2, uniq_lodul
D:14:     layout_irregular_city, minivault_14, uniq_roxanne
D:15:     gammafunk_depths_entry_grave, layout_cross,
          lemuel_coloured_pillars_altar
Temple:   grunt_temple_mini_profane
Lair:1:   layout_regular_city, lemuel_fruit_tree, serial_bayou_shore_b,
          grunt_megastairs_1, uniq_amaemon
Lair:2:   layout_cave_pods, grunt_megastairs_3, uniq_sonja
Lair:3:   layout_big_grid, mainiacjoe_shoals_entry_four_pools,
          spider_nest_entry_rubble
Lair:4:   layout_roguey, grunt_megastairs_5, uniq_kirke
Lair:5:   evilmike_catoblepas_cave, layout_hall_layers,
          minmay_slime_entry_oklob_enclosed, infiniplex_staircase_pool_2,
          grunt_megastairs_4
Spider:1: lemuel_spider_zombies, ebering_ghost_rock_garden,
          beargit_elvish_explorers
Spider:2: layout_spider_delve, uniq_arachne
Spider:3: layout_chambers
Orc:1:    layout_diamond_mine, basic_altar, gammafunk_ghost_smash,
          portal_ice_cave_entry_pillars_2, mines2_david
Orc:2:    st_orc_congregation, layout_caves, uniq_donald, uniq_rupert,
          uniq_maurice
Elf:1:    layout_loops_corners, serial_shops, statue_bzr,
          nicolae_elf_crossing_hall, uniq_frances

Skill      XL: |  1  2  3  4  5  6  7  8  9 10 11 12 13 14 15 16 17 18 |
---------------+-------------------------------------------------------+-----
Alchemy        | 4 5 6 7 9 11 12 | 12.0
Spellcasting   | 3 4 6 8 10 11 12 | 12.0
Fire Magic     | 1 5 6 |  6.0
Fighting       | 4 7 10 12 15 16 17 | 17.7
Shields        | 5 8 10 | 10.4
Conjurations   | 4 7 |  7.7
Long Blades    | 3 12 13 14 | 14.0
Dodging        | |  1.5
Stealth        | |  3.0

Action                     |  1- 3 |  4- 6 |  7- 9 | 10-12 | 13-15 | 16-18 || total
---------------------------+-------+-------+-------+-------+-------+-------++-------
  Melee: Rapier            |     1 |    23 |    15 |       |       |       ||    39
         Unarmed           |       |       |    35 |     5 |       |       ||    40
         Short sword       |       |       |    81 |       |       |       ||    81
         Punch             |       |       |     4 |     4 |     3 |       ||    11
         Spear             |       |       |       |   139 |   172 |       ||   311
         Constrict         |       |       |       |       |   105 |    85 ||   190
         Long sword        |       |       |       |       |   216 |       ||   216
         Demon blade       |       |       |       |       |    15 |   384 ||   399
   Cast: Sting             |    25 |    58 |    35 |    22 |    25 |     4 ||   169
         Olgreb's Toxic Ra |       |     4 |    17 |    48 |    77 |    39 ||   185
         Mephitic Cloud    |       |       |     6 |    15 |    14 |       ||    35
         Sticky Flame      |       |       |    31 |    51 |   182 |    34 ||   298
         Eringya's Noxious |       |       |       |     3 |     5 |     7 ||    15
         Irradiate         |       |       |       |       |    22 |     5 ||    27
         Ignite Poison     |       |       |       |       |    15 |    19 ||    34
Ability: Spit Poison       |    23 |    37 |    30 |    29 |    41 |    16 ||   176
  Evoke: Wand              |       |       |     8 |     3 |     3 |     1 ||    15
    Use: Scroll            |       |       |    12 |     8 |    11 |     4 ||    35
         Potion            |       |       |     5 |     3 |     1 |     2 ||    11
   Stab: Confused          |       |       |     2 |     4 |     3 |       ||     9
         Sleeping          |       |       |       |     1 |       |     3 ||     4
         Distracted        |       |       |       |       |       |     1 ||     1
 Armour: Robe              |     4 |    20 |    61 |   129 |   169 |       ||   383
         Skin              |       |       |    13 |    14 |       |       ||    27
         Troll leather arm |       |       |       |       |   252 |   373 ||   625
  Dodge: Dodged            |     9 |    46 |   138 |   118 |   267 |   120 ||   698
         Repelled          |       |     1 |       |       |       |       ||     1
  Block: Other             |     1 |     8 |    39 |    37 |    39 |       ||   124
         Reflection        |       |     1 |       |     3 |    18 |       ||    22
         Kite shield       |       |       |       |       |   341 |   287 ||   628
